 Dungeon Crawl Stone Soup version 0.26.1-11-gd32895ea62 (webtiles) character file.

Game seed: 15877775294117302221

7624 Gnirx the Geomancer (level 11, -1/57 HPs)
             Began as a Gargoyle Earth Elementalist on May 9, 2021.
             Was a Believer of Vehumet.
             Slain by a vampire (9 damage)
             ... on level 8 of the Dungeon.
             The game lasted 00:30:58 (12877 turns).

Gnirx the Geomancer (Gargoyle Earth Elementalist)  Turns: 12877, Time: 00:30:58

Health: -1/57      AC: 14    Str: 12    XL:     11   Next: 18%
Magic:  33/33      EV: 12    Int: 19    God:    Vehumet [**....]
Gold:   398        SH:  7    Dex: 16    Spells: 18/29 levels left

rFire    + . .     SeeInvis .   M - +2 flail (vorpal)
rCold    + . .     Faith    .   D - +0 buckler
rNeg     + + .     Spirit   .   C - +0 robe {rN+}
rPois    ∞         Reflect  .   (no helmet)
rElec    +         Harm     .   U - scarf {rC+ rF+}
rCorr    .         Rampage  .   d - +2 pair of gloves
Will     .....                  T - +0 pair of boots
Stlth    ++........             e - amulet of magic regeneration
HPRegen  0.19/turn              h - +6 ring of dexterity
MPRegen  0.48/turn              z - ring of magical power

@: no status effects
A: negative energy resistance 1, electricity resistance, unbreathing,
petrification resistance, miasma immunity, AC +8
a: Renounce Religion


You were on level 8 of the Dungeon.
You worshipped Vehumet.
Vehumet was pleased with you.
You visited 2 branches of the dungeon, and saw 11 of its levels.

You collected 548 gold pieces.
You spent 150 gold pieces at shops.

Inventory:

Hand Weapons
 f - a +0 dagger
 i - a +0 short sword
 o - a +1 whip
 B - a +3 whip of flaming
 M - a +2 vorpal flail (weapon)
 O - a +0 morningstar
 Q - a +0 shortbow
Missiles
 b - 34 stones
 l - 167 arrows
Armour
 c - a +0 robe
 d - a +2 pair of gloves (worn)
 k - a +0 kite shield
 s - a +2 cloak
 w - a scarf of harm
 C - a +0 robe of positive energy (worn)
 D - a +0 buckler (worn)
 T - a +0 pair of boots (worn)
 U - a scarf of resistance (worn)
Magical Staves
 u - an uncursed staff of poison
Jewellery
 e - an amulet of magic regeneration (around neck)
 h - a +6 ring of dexterity (left hand)
 z - a ring of magical power (right hand)
Wands
 v - a wand of polymorph (5)
 A - a wand of enslavement (10)
 H - a wand of iceblast (20)
 K - a wand of random effects (19)
 P - a wand of paralysis (8)
 S - a wand of acid (15)
Scrolls
 g - 5 scrolls of blinking
 t - 5 scrolls of amnesia
 x - 2 scrolls of fog
 y - 4 scrolls of remove curse
 E - 7 scrolls of teleportation
 J - 3 scrolls of enchant armour
 L - a scroll of summoning {unknown}
 N - a scroll of holy word {unknown}
 V - a scroll of enchant weapon
Potions
 a - 4 potions of curing
 j - 5 potions of haste
 m - 3 potions of lignification
 n - 2 potions of attraction
 p - a potion of magic
 q - a potion of degeneration
 r - 2 potions of invisibility
 F - a potion of ambrosia {unknown}
 G - a potion of might
 I - a potion of resistance
 R - a potion of mutation {unknown}


   Skills:
 + Level 1.9 Fighting
 - Level 1.5 Dodging
 - Level 2.1 Stealth
 + Level 9.5 Shields
 + Level 9.7 Spellcasting
 - Level 0.7 Transmutations
 - Level 12.2 Earth Magic


You had 18 spell levels left.
You knew the following spells:

 Your Spells              Type           Power        Failure   Level
a - Sandblast             Erth           100%         1%          1
b - Passwall              Tmut/Erth      27%          1%          2
c - Stone Arrow           Conj/Erth      64%          1%          3
d - Lee's Rapid Deconstr  Erth           27%          1%          5

Your spell library contained the following spells:

 Spells                   Type           Power        Failure   Level
 Shock                    Conj/Air       36%          8%          1
 Petrify                  Tmut/Erth      33%          5%          4
 Animate Skeleton         Necr           18%          8%          1
 Apportation              Tloc           18%          8%          1
 Corona                   Hex            10%          8%          1
 Summon Small Mammal      Summ           36%          8%          1


Dungeon Overview and Level Annotations

Branches:
Dungeon (10/15)            Temple (1/1) D:6
   Lair: D:8-11         Orc: D:9-12

Altars:
Ashenzari
Cheibriados
Dithmenos
Elyvilon
Fedhas
Gozag
Hepliaklqana
Kikubaaqudgha
Makhleb
Nemelex Xobeh
Okawaru
Qazlal
Ru
Sif Muna
Trog
Uskayaw
Vehumet
Wu Jian
Xom
Yredelemnul
Zin
The Shining One

Shops:
D:8 *


Innate Abilities, Weirdness & Mutations

You are resistant to torment.
Your stone body is resilient. (AC +8)
You are immune to poison.
You resist negative energy. (rN+)
You are resistant to electric shocks. (rElec)
You can survive without breathing.
You are immune to petrification.
You are immune to miasma.


Message History

Something tries to affect you, but you resist.
You are confused.
You are more confused.
You're too confused to move!
You bump into the rock wall.
You bump into the rock wall.
You're too confused to move!
You bump into the rock wall.
Something hits you but does no damage. Something bites you!
* * * LOW HITPOINT WARNING * * *
You're too confused to move!
Something hits you but does no damage. Something bites you.
* * * LOW HITPOINT WARNING * * *
A vampire appears from thin air!
Reactivating autopickup.
You feel less confused. The vampire hits you.
* * * LOW HITPOINT WARNING * * *
The vampire bites you!
You die...

.#.###.....# #.#
...........# #.#
.##.##.....# #.#
<##.##.....# #.#
.##.######## #.#
.........# #.#
.##..###)# #.#
.....###.#######V#
.......#........@#
###..#.#..#.#.####
###..#......#.#
..........###.#
#########.....#
#######


You could see a vampire.

Vanquished Creatures
  2 two-headed ogres
  Pikel (D:3)
  Maurice (D:7)
  Joseph (D:7)
  A troll (D:9)
  9 yaks
  Edmund (D:5)
  2 ice beasts
  3 sky beasts
  A black bear (D:5)
  4 orc warriors
  5 phantoms
  3 centaurs
  3 ogres
  A lemure (D:4)
  A big kobold (D:3)
  6 bullfrogs
  A wyvern skeleton (D:10)
  A water moccasin skeleton (D:4)
  2 scorpions
  A jelly (D:8)
  A vampire bat (D:5)
  2 howler monkeys
  A centaur zombie (D:6)
  3 hounds
  A quasit (D:6)
  5 orc priests
  7 orc wizards
  4 iguanas
  Terence (D:3)
  3 worker ants
  A hound zombie (D:5)
  A mummy (D:8)
  8 adders
  3 shadow imps
  An ooze (D:2)
  2 adder skeletons
  3 worms
  A dart slug (D:1)
  3 leopard geckos
  47 orcs
  A bat skeleton (D:5)
  4 bat zombies (D:5)
  7 giant cockroaches
  2 goblins
  6 hobgoblins
  15 jackals
  A quokka (D:5)
  A ball python (D:4)
  3 bats (D:1)
  4 frilled lizards
  A jackal zombie (D:7)
  7 kobolds
  10 rats
210 creatures vanquished.

Vanquished Creatures (others)
  A scorpion (D:5)
  5 toadstools (D:1)
6 creatures vanquished.

Grand Total: 216 creatures vanquished

Notes
Turn   | Place    | Note
-------+----------+-------------------------------------------
     0 | D:1      | Gnirx the Gargoyle Earth Elementalist began the quest for
                  | the Orb.
     0 | D:1      | Reached XP level 1. HP: 10/10 MP: 3/3
   362 | D:1      | Reached XP level 2. HP: 10/15 MP: 3/5
   364 | D:1      | Reached skill level 4 in Earth Magic
   865 | D:1      | Learned a level 2 spell: Passwall
  1202 | D:2      | Reached XP level 3. HP: 17/19 MP: 6/6
  1579 | D:2      | Found a basalt altar of Yredelemnul.
  1846 | D:2      | Found a shimmering blue altar of Sif Muna.
  2202 | D:2      | Reached XP level 4. HP: 18/24 MP: 5/8
  2552 | D:3      | Noticed a big kobold
  2568 | D:3      | Killed a big kobold
  2569 | D:3      | Reached skill level 5 in Earth Magic
  2569 | D:3      | Reached XP level 5. HP: 26/28 MP: 7/10
  3159 | D:3      | Noticed Terence
  3176 | D:3      | Killed Terence
  3873 | D:4      | Reached skill level 6 in Earth Magic
  3873 | D:4      | Reached XP level 6. HP: 10/32 MP: 8/12
  4846 | D:4      | Noticed Pikel
  4966 | D:3      | Killed Pikel
  4967 | D:3      | Reached skill level 5 in Spellcasting
  4967 | D:3      | Reached skill level 8 in Earth Magic
  4967 | D:3      | Reached XP level 7. HP: 5/36 MP: 15/15
  5485 | D:5      | Entered Level 5 of the Dungeon
  5491 | D:5      | Reached XP level 8. HP: 41/41 MP: 17/17
  6143 | D:5      | Found an ancient bone altar of Kikubaaqudgha.
  6149 | D:5      | Reached skill level 9 in Earth Magic
  6674 | D:6      | Found a sparkling altar of Nemelex Xobeh.
  6695 | D:6      | Found a bloodstained altar of Trog.
  6725 | D:5      | Reached XP level 9. HP: 42/45 MP: 19/19
  6780 | D:6      | Found a staircase to the Ecumenical Temple.
  6784 | D:6      | Reached skill level 5 in Shields
  6820 | Temple   | Entered the Ecumenical Temple
  6864 | Temple   | Became a worshipper of Vehumet
  7113 | D:6      | Found a hazy altar of Hepliaklqana.
  7115 | D:6      | Found a stormy altar of Qazlal.
  7116 | D:6      | Found a hide-covered altar of Uskayaw.
  7430 | D:6      | Learned a level 3 spell: Stone Arrow
  7436 | D:6      | Learned a level 5 spell: Lee's Rapid Deconstruction
  7457 | D:6      | Noticed Edmund
  7479 | D:5      | Killed Edmund
  7626 | D:6      | Reached skill level 10 in Earth Magic
  7902 | D:7      | Reached * piety under Vehumet
  7902 | D:7      | Offered knowledge of Magic Dart by Vehumet.
  7910 | D:7      | Found a glowing golden altar of the Shining One.
  8216 | D:7      | Noticed Joseph
  8243 | D:7      | Killed Joseph
  8566 | D:7      | Found a burning altar of Makhleb.
  9116 | D:8      | Reached XP level 10. HP: 39/50 MP: 22/22
  9186 | D:8      | Noticed Maurice
  9194 | D:7      | Killed Maurice
  9195 | D:7      | Reached skill level 11 in Earth Magic
  9275 | D:8      | Found Loniesm's Assorted Antiques.
  9279 | D:8      | Bought a scroll of remove curse for 90 gold pieces
  9279 | D:8      | Bought a scroll of identify for 60 gold pieces
  9917 | D:8      | Found a snail-covered altar of Cheibriados.
 10893 | D:9      | Found a blossoming altar of Fedhas.
 10894 | D:9      | Found a shimmering altar of Xom.
 10894 | D:9      | Found a white marble altar of Elyvilon.
 11090 | D:9      | Reached ** piety under Vehumet
 11278 | D:9      | Offered knowledge of Shock by Vehumet.
 11303 | D:9      | Noticed a two-headed ogre
 11307 | D:9      | Killed a two-headed ogre
 11308 | D:9      | Reached skill level 12 in Earth Magic
 11308 | D:9      | Reached XP level 11. HP: 39/54 MP: 24/24
 11524 | D:9      | HP: 1/54 [orc warrior/+0 mace (8)]
 12090 | D:10     | Entered Level 10 of the Dungeon
 12328 | D:10     | Noticed a two-headed ogre
 12334 | D:10     | Killed a two-headed ogre
 12335 | D:10     | Reached skill level 1 in Fighting
 12877 | D:8      | Slain by a vampire

Illustrated notes

Levels and vault maps discovered:
D:1:      ldierk_walled_garden, layout_basic, minmay_misc_feat_pillars,
          minmay_misc_feat_five
D:2:      layout_basic, lemuel_blue_sif_altar, yredelemnul_altar_generic
D:3:      layout_basic, uniq_terence
D:4:      layout_loops_corners, uniq_pikel
D:5:      layout_rooms, kennysheep_vampire_church, lemuel_flame_loot_1
D:6:      layout_rooms, kennysheep_little_box, grunt_temple_overflow_open,
          minmay_temple_entry_butterflies, uniq_edmund
D:7:      layout_basic, bloody_makhleb, nicolae_tso_swordbearing_angel,
          uniq_joseph
D:8:      layout_loops_cross, slow_altar_2, serial_shops, shop, uniq_maurice
D:9:      layout_rooms, chequers_temple_overflow_statue_of_worship,
          kb_lookout_dungeons_type
D:10:     layout_basic, hiddenorc1_lemuel, serial_shops, nicolae_shop_crystal
Temple:   cyrus_temple_forest

Skill      XL: |  1  2  3  4  5  6  7  8  9 10 11 |
---------------+----------------------------------+-----
Earth Magic    | 4 5 6 8 9 10 12 | 12.2
Spellcasting   | 3 4 5 6 8 9 |  9.7
Shields        | 4 7 9 |  9.5
Fighting       | 1 |  1.9
Dodging        | |  1.5
Stealth        | |  2.1
Transmutations | |  0.7

Action                   |  1- 3 |  4- 6 |  7- 9 | 10-12 || total
-------------------------+-------+-------+-------+-------++-------
Melee: Dagger            |    37 |       |       |       ||    37
       Unarmed           |     5 |     2 |       |       ||     7
       Short sword       |    30 |       |       |       ||    30
       Whip              |    78 |   141 |   146 |       ||   365
       Flail             |       |       |    45 |    86 ||   131
 Cast: Sandblast         |    13 |    24 |    93 |   118 ||   248
       Passwall          |       |     1 |       |     1 ||     2
       Lee's Rapid Decon |       |       |       |     2 ||     2
  Use: Scroll            |     8 |     6 |    11 |     3 ||    28
 Stab: Sleeping          |     1 |     2 |     3 |     1 ||     7
Armor: Robe              |    63 |    60 |   133 |    75 ||   331
Dodge: Dodged            |   119 |    90 |   155 |   106 ||   470
Block: Buckler           |       |       |    64 |    65 ||   129
